 Dungeon Crawl Stone Soup version 0.20-a0-823-gdec668e (webtiles) character file.

599 Devintownsend the Covered (level 7, 0/63 HPs)
             Began as a Minotaur Fighter on Mar 4, 2017.
             Slain by an iguana (7 damage)
             ... on level 5 of the Dungeon.
             The game lasted 00:14:27 (3545 turns).

Devintownsend the Covered (Minotaur Fighter)        Turns: 3545, Time: 00:14:28

Health: 0/63       AC: 15    Str: 23    XL:     7   Next: 17%
Magic:  6/6        EV:  7    Int:  5    God:
Gold:   331        SH:  0    Dex:  9    Spells: 6/6 levels left

rFire    + . .     SeeInvis .   t - +2 great mace (holy)
rCold    + . .     Gourm    +   w - +2 plate armour {rF+}
rNeg     . . .     Faith    .   (shield currently unavailable)
rPois    .         Spirit   .   (helmet restricted)
rElec    .         Reflect  .   (no cloak)
rCorr    +         Harm     .   (no gloves)
MR       .....                  (no boots)
Stlth    ..........             x - amulet of the gourmand
Regen    0.2/turn               G - ring of resist corrosion
MPRegen  0.1/turn               F - ring of protection from cold

@: no status effects
A: retaliatory headbutt, horns 2
a: no special abilities


You were on level 5 of the Dungeon.
You were not hungry.

You visited 1 branch of the dungeon, and saw 5 of its levels.

You collected 331 gold pieces.

Inventory:

Hand Weapons
 a - a +0 war axe
 t - a +2 great mace of holy wrath (weapon)
Armour
 b - a +0 scale mail
 c - a +0 shield
 w - a +2 plate armour of fire resistance (worn)
Jewellery
 m - an uncursed ring of fire
 o - an uncursed ring of see invisible
 x - an amulet of the gourmand (around neck)
 z - a +2 ring of protection
 C - an uncursed ring of magical power
 D - a +4 ring of evasion
 F - a ring of protection from cold (left hand)
 G - a ring of resist corrosion (right hand)
Wands
 A - a wand of lightning (4/15)
Scrolls
 e - 3 scrolls of noise {unknown}
 g - 4 scrolls of identify {unknown}
 h - 2 scrolls of amnesia {unknown}
 l - 2 scrolls of teleportation {unknown}
 p - a scroll of magic mapping {unknown}
 q - 2 scrolls of fear {unknown}
 s - 2 scrolls of remove curse {unknown}
 y - a scroll of blinking {unknown}
Potions
 i - a potion of degeneration {unknown}
 j - 2 potions of cancellation {unknown}
 n - a potion of mutation {unknown}
 r - a potion of ambrosia {unknown}
 v - a potion of agility {unknown}
 E - a potion of invisibility {unknown}
Books
 k - a book of Maledictions

   Spells                             Type                      Level
   a - Corona                         Hexes                        1
   b - Ensorcelled Hibernation        Hexes/Ice                    2
   c - Confuse                        Hexes                        3
   d - Tukima's Dance                 Hexes                        3
   e - Dazzling Spray                 Conjuration/Hexes            3
Comestibles
 f - 7 bread rations
 u - 6 fruits
 B - 3 royal jellies


   Skills:
 + Level 6.1 Fighting
 - Level 3.6 Axes
 + Level 7.7 Armour
 - Level 4.4 Shields


You had 6 spell levels left.
You didn't know any spells.

Dungeon Overview and Level Annotations

Branches:
Dungeon (5/15)
 Temple: D:4-7

Altars:
Nemelex Xobeh
Uskayaw
Zin

Shops:
D:5 %


Innate Abilities, Weirdness & Mutations

You reflexively headbutt those who attack you in melee.
You have a pair of horns on your head.


Message History

The iguana bites you but does no damage.
The ogre hits you with a giant spiked club.
You bludgeon the ogre!!
The ogre is almost dead.
The iguana bites you but does no damage.
The ogre hits you with a giant spiked club.
The iguana bites you!
* * * LOW HITPOINT WARNING * * *
You thump the ogre!
You kill the ogre!
Your Fighting skill increases to level 6!
The iguana closely misses you.
The iguana bites you but does no damage.
You hit the iguana but do no damage. Your headbutt misses the iguana.
The iguana bites you!
* * * LOW HITPOINT WARNING * * *
You closely miss the iguana.
The iguana bites you but does no damage.
The iguana bites you!
You die...

##.###.# #..... ##### #####
#.... ....# #...## #..#
###.# #.#..####))# #.#
#.#...))[..# ###<#
#.#.|#####..Z....
.##.############)#O.#
...Z...
...............l@#..#
.###.##
###..#######.#####..#####.#
# ###..# #.# #.#.......#
.....#######.#####..#####..
#............##............
#....####.#...............
##.#.# #....##.##.#######
.....#######.##.##.#
##.#............##.#


You could see an iguana.

Vanquished Creatures
  An ogre (D:5)
  A scorpion (D:4)
  A water moccasin skeleton (D:4)
  A centaur zombie (D:5)
  A hound (D:5)
  3 orc priests
  A bullfrog skeleton (D:5)
  An orc wizard (D:3)
  A worker ant (D:5)
  5 adders
  2 oozes (D:1)
  A worm (D:2)
  A dart slug (D:3)
  6 leopard geckos
  19 orcs
  3 ball pythons
  4 bats
  4 giant cockroaches
  6 goblins
  4 hobgoblins
  24 jackals
  12 kobolds
  2 quokkas (D:4)
  6 rats
110 creatures vanquished.

Notes
Turn   | Place    | Note
-------+----------+-------------------------------------------
     0 | D:1      | Devintownsend the Minotaur Fighter began the quest for the Orb.
     0 | D:1      | Reached XP level 1. HP: 19/19 MP: 0/0
    91 | D:1      | Reached XP level 2. HP: 27/27 MP: 1/1
   560 | D:1      | Reached skill level 4 in Armour
   560 | D:1      | Reached XP level 3. HP: 33/33 MP: 2/2
  1079 | D:2      | Reached XP level 4. HP: 30/40 MP: 3/3
  1118 | D:2      | Found a sparkling altar of Nemelex Xobeh.
  1565 | D:3      | Found a hide-covered altar of Uskayaw.
  1800 | D:3      | Found a glowing silver altar of Zin.
  1945 | D:3      | Reached skill level 5 in Armour
  1945 | D:3      | Reached XP level 5. HP: 43/47 MP: 4/4
  2428 | D:4      | Reached skill level 5 in Fighting
  2432 | D:4      | Reached skill level 6 in Armour
  2432 | D:4      | Reached XP level 6. HP: 23/56 MP: 5/5
  3188 | D:5      | Entered Level 5 of the Dungeon
  3233 | D:5      | Found Lener's Food Shop.
  3385 | D:5      | Reached skill level 7 in Armour
  3405 | D:5      | Reached XP level 7. HP: 8/62 MP: 6/6
  3545 | D:5      | Slain by an iguana

Vault maps used:
D:1:      elethiomel_arrival_infinity_welcomes_careful_drivers
D:2:      lemuel_doored_altar, minivault_25
D:3:      overflow_temple_1_default, eat_drink_and_be_merry_uskayaw
D:4:      first_bread
D:5:      temple_doors_e, serial_shops, shop, minmay_misc_feat_nine_boxes,
          tso_altar

Skill      XL: |  1  2  3  4  5  6  7 |
---------------+----------------------+-----
Shields        | 4 |  4.4
Fighting       | 4 5 6 |  6.1
Armour         | 4 5 6 7 |  7.7
Axes           | 3 |  3.6

Action                   |  1- 3 |  4- 6 |  7- 9 || total
-------------------------+-------+-------+-------++-------
Melee: War axe           |    84 |    31 |       ||   115
       Headbutt          |    12 |    21 |     1 ||    34
       Great mace        |       |   145 |     9 ||   154
  Use: Potion            |       |     1 |       ||     1
  Eat: Chunk             |       |    11 |       ||    11
Armor: Scale mail        |    48 |    45 |       ||    93
       Plate armour      |       |   140 |    10 ||   150
Dodge: Dodged            |    25 |   125 |     5 ||   155
Block: Shield            |    67 |    26 |       ||    93
